 Dungeon Crawl Stone Soup version 0.30-a0-883-g5ad918d77d (webtiles) character file.

Game seed: 13917761096112999057

137 jasper the Sneak (level 5, 0/28 HPs)
             Began as a Vampire Enchanter on Mar 16, 2023.
             Was an Initiate of Ashenzari.
             Slain by a lemure (3 damage)
             ... led by Pikel
             ... on level 4 of the Dungeon.
             The game lasted 00:06:43 (3071 turns).

jasper the Sneak (Vampire Enchanter)                Turns: 3071, Time: 00:06:44

Health: 0/28       AC:  4    Str:  7    XL:     5   Next: 0%
Magic:  2/8        EV: 12    Int: 19    God:    Ashenzari [......]
Gold:   54         SH:  0    Dex: 15    Spells: 3/8 levels left

rFire   . . .      SeeInvis +    a - +1 dagger (flame)
rCold   + + .      Faith    .    (no shield)
rNeg    + + +      Spirit   .    b - +0 robe
rPois   ∞          Reflect  .    h - +1 helmet
rElec   .          Rampage  .    (no cloak)
rCorr   .                        (no gloves)
Will    .....                    (no boots)
Stlth   +++++                    (no amulet)
HPRegen 0.00/turn                (no ring)
MPRegen 0.11/turn                (no ring)

@: about to teleport, bloodless, inhibited regen
A: bloodless, fangs 3, see invisible, vampiric 2
a: Bat Form, Revivify, Renounce Religion


You were on level 4 of the Dungeon.
You worshipped Ashenzari.
Ashenzari was noncommittal.
You visited 1 branch of the dungeon, and saw 4 of its levels.

You collected 54 gold pieces.

Inventory:

Hand Weapons
 a - a +1 dagger of flaming (weapon)
Missiles
 d - 33 stones
Armour
 b - a +0 robe (worn)
 g - a +0 leather armour
 h - a +1 helmet (worn)
Magical Staves
 e - a staff of earth
Scrolls
 f - a scroll of teleportation
 l - a scroll of enchant armour
Potions
 c - a potion of invisibility
 i - a potion of resistance
 j - a potion of berserk rage
 m - 2 potions of mutation
 n - 2 potions of degeneration
 p - a potion of cancellation
 r - a potion of curing {unknown}


   Skills:
 - Level 0.6 Fighting
 - Level 2.4 Short Blades
 - Level 2.5 Dodging
 + Level 6.4 Stealth
 - Level 2.0 Spellcasting
 + Level 5.2 Hexes
 + Level 1.5 Ice Magic


You had 3 spell levels left.
You knew the following spells:

 Your Spells              Type           Power      Damage    Failure   Level
a - Ensorcelled Hibernat  Hex/Ice        28%        N/A       6%          2
b - Confusing Touch       Hex            21%        N/A       6%          3

Your spell library contained the following spells:

 Spells                   Type           Power      Damage    Failure   Level
 Tukima's Dance           Hex            21%        N/A       6%          3
 Dazzling Flash           Conj/Hex       22%        N/A       17%         3
 Ignite Poison            Fire/Tmut/Pois 1%         N/A       45%         3
 Vhi's Electric Charge    Tloc/Air       2%         N/A       45%         3
 Iskenderun's Mystic Bla  Conj/Tloc      1%         2d3       86%         4
 Sticky Flame             Conj/Fire      1%         2d3       86%         4
 Arcjolt                  Conj/Air       0%         1d10      99%         5
 Starburst                Conj/Fire      0%         6d3       100%        6
 Maxwell's Capacitive Co  Air            0%         ∞         100%        8
 Shatter                  Erth           0%         3d5*      100%        9


Dungeon Overview and Level Annotations

Branches:
Dungeon (4/15)
 Temple: D:4-7

Altars:
Ashenzari
Fedhas

Shops:
D:1 (   D:2 =

Annotations:
D:4 Pikel


Innate Abilities, Weirdness & Mutations

You do not regenerate when monsters are visible.
You are frail without blood (-20% HP).
You can heal yourself when you bite living creatures.
You are immune to poison.
You have razor-sharp teeth.
You have supernaturally acute eyesight. (SInv)
You are afflicted with vampirism and can become a bat while bloodless.


Message History

Aiming: Ensorcelled Hibernation (safe; 6% risk of failure)
Press: ? - help, Q - select action, (/) - cycle Shift-Dir - straight line, f/p - lemure
Aim: a lemure (moderately wounded, chance to affect: 48%)
The lemure resists with some effort.
The lemure misses you.
You now have 3/8 mp.
Aiming: Ensorcelled Hibernation (safe; 6% risk of failure)
Press: ? - help, Q - select action, (/) - cycle Shift-Dir - straight line, f/p - lemure
Aim: a lemure (moderately wounded, chance to affect: 48%)
The lemure resists with some effort.
The lemure hits you.
You take 2 damage, and have 16/28 hp.
You now have 1/8 mp.
You hit the lemure but do no damage.
The lemure is moderately wounded.
The lemure hits you.
You take 1 damage, and have 15/28 hp.
You barely miss the lemure.
The lemure is moderately wounded.
The lemure hits you!
* * * LOW HITPOINT WARNING * * *
You take 8 damage, and have 7/28 hp.
MASSIVE DAMAGE!!
You fade into invisibility!
The lemure misses you.
Pikel zaps a wand.
The lemure resists with some effort.
You closely miss the lemure.
The lemure shouts!
The lemure is moderately wounded.
The lemure hits you.
* * * LOW HITPOINT WARNING * * *
You take 4 damage, and have 3/28 hp.
You catch the helpless lemure completely off-guard!
You puncture the lemure! You burn the lemure.
You kill the lemure!
That felt strangely unrewarding.
It was a potion of cancellation.
Your magical effects are unravelling.
You feel magically purged.
You flicker back into view.
As you read the scroll of teleportation, it crumbles to dust.
You feel strangely unstable. The lemure hits you.
You die... #.# ##. #...#.## ggg

#.. #...##.# #g#
#.##....#..# #.#
##.#....##.##
#5# #..#...##..#
#5# #.g.g###..##
#.# #.####...##
#g#####......###
#5K.5@....####
###########


You could see Pikel, 2 lemures and a gnoll.

Vanquished Creatures
  2 lemures (D:4)
  A hound (D:3)
  3 adders
  3 worms
  2 dart slugs (D:2)
  8 endoplasms
  4 giant cockroaches
  4 goblins
  4 hobgoblins
  8 jackals
  6 kobolds
  3 quokkas (D:1)
  3 ball pythons
  5 bats
  5 frilled lizards
  5 rats
66 creatures vanquished.

Vanquished Creatures (others)
  2 plants (D:4)
2 creatures vanquished.

Grand Total: 68 creatures vanquished

Notes
Turn   | Place    | Note
-------+----------+-------------------------------------------
     0 | D:1      | jasper the Vampire Enchanter began the quest for the Orb.
     0 | D:1      | Reached XP level 1. HP: 13/13 MP: 3/3
   186 | D:1      | Found Zyas's Antique Weapon Emporium.
   277 | D:1      | Reached XP level 2. HP: 20/20 MP: 5/5
   397 | D:1      | Reached skill level 5 in Stealth
   430 | D:1      | Learned a level 2 spell: Ensorcelled Hibernation
  1080 | D:2      | Gained mutation: You are afflicted with vampirism and can
                  | become a bat while bloodless. [Vampire growth]
  1080 | D:2      | Reached XP level 3. HP: 20/20 MP: 1/6
  1495 | D:2      | Found Veun's Jewellery Boutique.
  1707 | D:2      | Got Oddug's Octavo of Spicy Orogeny
  1770 | D:2      | Learned a level 3 spell: Confusing Touch
  1854 | D:2      | Reached skill level 6 in Stealth
  1854 | D:2      | Reached XP level 4. HP: 7/24 MP: 1/7
  1935 | D:2      | Reached skill level 1 in Ice Magic
  2228 | D:3      | Found a blossoming altar of Fedhas.
  2513 | D:3      | Found a broken altar of Ashenzari.
  2575 | D:3      | Reached skill level 5 in Hexes
  2637 | D:3      | Became a worshipper of Ashenzari the Shackled
  3013 | D:4      | Reached XP level 5. HP: 27/28 MP: 4/8
  3048 | D:4      | Noticed Pikel
  3048 | D:4      | Noticed a lemure
  3048 | D:4      | Noticed a lemure
  3048 | D:4      | Noticed a lemure
  3049 | D:4      | Noticed a lemure
  3052 | D:4      | Killed a lemure
  3069 | D:4      | Killed a lemure
  3071 | D:4      | Slain by a lemure

Illustrated notes

Levels and vault maps discovered:
D:1:      dpeg_arrival_three_same_balls, layout_loops_ring, serial_shops, shop
D:2:      layout_basic, serial_shops, nicolae_shop_advertising_works
          [nicolae_subvault_shop_adworks], serial_curves, eino_curves_03,
          eino_curves_04, wad_floor_pattern_1
D:3:      layout_loops_ring, ashenzari_conservatory_becter, fedhas_altar_1
D:4:      minmay_evil_eye, layout_loops_ring, serial_forest,
          infiniplex_forest_straight_2, infiniplex_forest_straight_2,
          infiniplex_forest_clump_diagonal, infiniplex_forest_clump_double,
          infiniplex_forest_corner_1, uniq_pikel, uniq_menkaure, uniq_duvessa,
          uniq_sigmund

Skill      XL: |  1  2  3  4 |
---------------+-------------+-----
Stealth        | 5 6 |  6.4
Short Blades   | 2 |  2.4
Ice Magic      | 1 |  1.5
Hexes          | 5 |  5.2
Fighting       | |  0.6
Dodging        | |  2.5
Spellcasting   | |  2.0

Action                     |  1- 3 |  4- 6 || total
---------------------------+-------+-------++-------
  Melee: Dagger            |   130 |    36 ||   166
         Bite              |    13 |       ||    13
   Cast: Ensorcelled Hiber |    16 |    19 ||    35
Ability: Exsanguinate      |     1 |       ||     1
    Use: Scroll            |     3 |    10 ||    13
         Potion            |       |     2 ||     2
   Stab: Sleeping          |    24 |    20 ||    44
         Invisible         |       |     1 ||     1
 Armour: Leather armour    |    26 |       ||    26
         Robe              |    14 |     8 ||    22
  Dodge: Dodged            |    52 |    17 ||    69

Table legend: (Time is in decaauts)
 A = Elapsed time spent in this place.
 B = Non-inter-level travel time spent in this place.
 C = Inter-level travel time spent in this place.
 D = Time resting spent in this place.
 E = Time spent auto-exploring this place.
 F = Levels seen in this place.
 G = Mean time per level.
                   A        B        C        D        E       F      G
               +--------+--------+--------+--------+--------+-----+--------+
         Total |   3054 |   2892 |    162 |     21 |   2233 |   4 |  763.5 |
       Dungeon |   3054 |   2892 |    162 |     21 |   2233 |   4 |  763.5 |
               +--------+--------+--------+--------+--------+-----+--------+

Top non-repeatable levels by time:
     D:2: 1253 daAuts
     D:1: 873 daAuts
     D:3: 810 daAuts
     D:4: 117 daAuts
